[ AOE2 MATCH · #469728014 ]
UnrankedWu vs Hindustanis
[ REPLAY ANALYSIS · EXTRACTED FROM THE RECORDED GAME ]
Feudal
12:12
Castle
24:39
Imperial
38:35
| APM avg | 46.1 |
| APM peak | 77 |
| eAPM avg | 24.9 |
| Villagers / military | 109 / 14 |
Focus
⚔️ 38.0% · 🌾 62.0%
Fishing Ship ×20 · Galley ×10 · Unknown (2626) ×8 · Unknown (1942) ×3 · Fire Galley ×2 · Monk ×2
Feudal
11:53
Castle
24:27
Imperial
—
| APM avg | 39.3 |
| APM peak | 75 |
| eAPM avg | 22.3 |
| Villagers / military | 100 / 20 |
Focus
⚔️ 27.8% · 🌾 72.2%
Galley ×19 · Fishing Ship ×7 · Fire Galley ×1
Feudal
12:13
Castle
24:10
Imperial
—
| APM avg | 33.9 |
| APM peak | 81 |
| eAPM avg | 17.1 |
| Villagers / military | 102 / 9 |
Focus
⚔️ 24.1% · 🌾 75.9%
Archer ×6 · Fishing Ship ×4 · Mangonel ×2 · Fire Galley ×1
Feudal
13:49
Castle
18:19
Imperial
—
| APM avg | 34.0 |
| APM peak | 71 |
| eAPM avg | 16.3 |
| Villagers / military | 97 / 12 |
Focus
⚔️ 20.1% · 🌾 79.9%
Hussite Wagon ×7 · Fishing Ship ×5 · Mangonel ×2 · Knight ×2 · Transport Ship ×1
Feudal
14:38
Castle
18:12
Imperial
35:16
| APM avg | 59.5 |
| APM peak | 126 |
| eAPM avg | 38.0 |
| Villagers / military | 111 / 108 |
Focus
⚔️ 64.0% · 🌾 36.0%
Camel Scout ×63 · Camel Archer ×41 · Fishing Ship ×9 · Knight ×3 · Transport Ship ×1
Feudal
14:16
Castle
18:26
Imperial
32:45
| APM avg | 39.0 |
| APM peak | 78 |
| eAPM avg | 23.4 |
| Villagers / military | 83 / 86 |
Focus
⚔️ 32.0% · 🌾 68.0%
Magyar Huszar ×83 · Fishing Ship ×44 · Trebuchet (Packed) ×3
Match map
Initial resources + every placement click. Lines = walls · curves = elevation contours. ◆ gold · ⬟ stone · ● berries · ✦ relic · ◌ wall gap
Your base· Open — unwalled flank
NPG | El Compadre's base· Open — unwalled flank
NPG | FishCL's base· Open — 5t gap
[cM] fcasalen's base· Open — 4t gap
Shimishi Maki's base· Open — unwalled flank
sacaninha's base· Open — 5t gap
Smoothed initial terrain · ◌ = detected wall gap · hover for details
Inputs per minute
— Flash_br - - NPG | El Compadre
Build order — Flash_br
First 150 of 298 actions detected
| 0:32 | Build | Town Center |
| 0:44 | Build | Dock |
| 1:28 | Build | House |
| 1:49 | Build | Palisade Wall |
| 1:51 | Build | Palisade Wall |
| 1:52 | Build | Palisade Wall |
| 2:37 | Research | Loom |
| 2:38 | Create | Villager (Male) |
| 2:40 | Create | Villager (Male) |
| 2:41 | Create | Villager (Male) |
| 2:41 | Create | Villager (Male) |
| 2:41 | Create | Villager (Male) |
| 3:39 | Create | Villager (Male) |
| 4:44 | Create | Fishing Ship |
| 4:48 | Create | Villager (Male) |
| 4:49 | Create | Villager (Male) |
| 5:05 | Build | House |
| 5:36 | Create | Fishing Ship |
| 5:56 | Create | Villager (Male) |
| 5:58 | Build | House |
| 6:13 | Build | House |
| 6:18 | Create | Villager (Male) |
| 6:18 | Create | Villager (Male) |
| 6:37 | Create | Fishing Ship |
| 6:37 | Create | Fishing Ship |
| 6:47 | Build | House |
| 6:56 | Create | Villager (Male) |
| 6:56 | Create | Villager (Male) |
| 7:16 | Create | Villager (Male) |
| 7:34 | Build | House |
| 7:37 | Create | Villager (Male) |
| 7:57 | Create | Villager (Male) |
| 7:57 | Create | Villager (Male) |
| 7:58 | Create | Villager (Male) |
| 8:00 | Create | Fishing Ship |
| 8:21 | Create | Villager (Male) |
| 8:57 | Build | Mill |
| 9:10 | Create | Villager (Male) |
| 9:23 | Create | Villager (Male) |
| 10:02 | Research | Feudal Age |
| 10:03 | Research | Feudal Age |
| 10:25 | Build | Outpost |
| 10:28 | Build | Dock |
| 10:51 | Build | House |
| 11:04 | Create | Villager (Male) |
| 11:10 | Build | House |
| 11:41 | Create | Villager (Male) |
| 11:41 | Create | Villager (Male) |
| 12:12 | Age | Feudal Age |
| 12:13 | Create | Unit 2626 |
| 12:14 | Create | Unit 2626 |
| 12:19 | Build | Blacksmith |
| 12:22 | Create | Villager (Male) |
| 12:45 | Create | Unit 2626 |
| 12:47 | Create | Villager (Male) |
| 12:52 | Build | House |
| 13:04 | Create | Villager (Male) |
| 13:09 | Create | Villager (Male) |
| 13:22 | Create | Unit 2626 |
| 13:25 | Research | Forging |
| 13:26 | Research | Forging |
| 13:30 | Create | Villager (Male) |
| 13:46 | Create | Villager (Male) |
| 13:58 | Create | Villager (Male) |
| 14:01 | Build | Watch Tower |
| 14:11 | Build | House |
| 14:42 | Build | Mining Camp |
| 15:01 | Create | Villager (Male) |
| 15:06 | Build | Lumber Camp |
| 15:17 | Create | Unit 2626 |
| 15:18 | Create | Unit 2626 |
| 15:49 | Create | Unit 2626 |
| 15:50 | Create | Villager (Male) |
| 15:52 | Research | Double-Bit Axe |
| 15:53 | Research | Double-Bit Axe |
| 16:25 | Build | Watch Tower |
| 16:30 | Research | Fletching |
| 16:33 | Create | Villager (Male) |
| 16:51 | Build | Mill |
| 16:53 | Create | Villager (Male) |
| 17:16 | Create | Villager (Male) |
| 17:36 | Create | Villager (Male) |
| 17:59 | Create | Villager (Male) |
| 18:27 | Build | House |
| 18:28 | Create | Villager (Male) |
| 18:41 | Create | Villager (Male) |
| 18:58 | Build | House |
| 19:00 | Create | Villager (Male) |
| 19:03 | Create | Fishing Ship |
| 19:03 | Create | Fishing Ship |
| 19:05 | Research | Tech 906 |
| 19:06 | Research | Tech 906 |
| 19:06 | Create | Fishing Ship |
| 19:06 | Create | Fishing Ship |
| 19:12 | Create | Villager (Male) |
| 19:15 | Build | House |
| 19:16 | Build | House |
| 19:27 | Build | Lumber Camp |
| 19:31 | Create | Villager (Male) |
| 19:33 | Build | Market |
| 19:59 | Create | Villager (Male) |
| 20:23 | Create | Villager (Male) |
| 20:24 | Create | Galley |
| 20:30 | Build | Dock |
| 20:42 | Create | Villager (Male) |
| 20:57 | Create | Galley |
| 20:59 | Create | Galley |
| 21:26 | Build | House |
| 21:27 | Build | House |
| 21:30 | Create | Galley |
| 21:42 | Research | Castle Age |
| 21:42 | Research | Castle Age |
| 21:59 | Research | Gold Mining |
| 22:08 | Build | House |
| 22:42 | Create | Galley |
| 22:59 | Build | House |
| 23:04 | Build | Watch Tower |
| 23:19 | Create | Villager (Male) |
| 23:19 | Create | Villager (Male) |
| 23:25 | Build | House |
| 23:28 | Create | Fire Galley |
| 23:30 | Create | Fire Galley |
| 23:53 | Build | House |
| 24:08 | Research | Stone Mining |
| 24:16 | Create | Unit 2626 |
| 24:26 | Create | Villager (Male) |
| 24:30 | Build | House |
| 24:32 | Build | House |
| 24:39 | Age | Castle Age |
| 24:41 | Research | War Galley (upgrade) |
| 24:41 | Research | War Galley (upgrade) |
| 24:42 | Research | Bodkin Arrow |
| 24:43 | Research | Bodkin Arrow |
| 25:13 | Build | Town Center |
| 25:27 | Create | Galley |
| 25:31 | Create | Galley |
| 25:33 | Create | Galley |
| 25:46 | Create | Villager (Male) |
| 25:47 | Create | Villager (Male) |
| 25:47 | Create | Villager (Male) |
| 25:59 | Create | Galley |
| 25:59 | Create | Galley |
| 26:02 | Build | University |
| 26:02 | Create | Villager (Male) |
| 26:04 | Create | Villager (Male) |
| 26:19 | Build | Outpost |
| 26:24 | Create | Villager (Male) |
| 26:25 | Create | Villager (Male) |
| 26:27 | Research | Bow Saw |
| 26:41 | Build | Outpost |
Build order — NPG | El Compadre
First 150 of 217 actions detected
| 0:09 | Build | Town Center |
| 1:16 | Build | Dock |
| 1:21 | Build | House |
| 1:23 | Build | Palisade Wall |
| 1:24 | Build | Palisade Wall |
| 2:28 | Create | Villager (Male) |
| 2:28 | Create | Villager (Male) |
| 2:29 | Create | Villager (Male) |
| 2:29 | Create | Villager (Male) |
| 3:15 | Build | House |
| 3:49 | Create | Villager (Male) |
| 4:26 | Create | Villager (Male) |
| 4:40 | Create | Fishing Ship |
| 4:51 | Build | House |
| 5:03 | Create | Villager (Male) |
| 5:08 | Research | Loom |
| 5:11 | Create | Villager (Male) |
| 5:50 | Create | Villager (Male) |
| 5:52 | Create | Fishing Ship |
| 6:10 | Create | Villager (Male) |
| 6:16 | Create | Fishing Ship |
| 6:42 | Create | Villager (Male) |
| 6:46 | Build | House |
| 6:52 | Build | House |
| 6:54 | Create | Villager (Male) |
| 6:54 | Create | Villager (Male) |
| 7:12 | Create | Villager (Male) |
| 7:34 | Create | Fishing Ship |
| 7:56 | Create | Villager (Male) |
| 8:11 | Create | Fishing Ship |
| 8:24 | Build | House |
| 8:35 | Create | Villager (Male) |
| 9:04 | Create | Villager (Male) |
| 9:12 | Build | Lumber Camp |
| 9:43 | Research | Feudal Age |
| 10:21 | Create | Villager (Male) |
| 10:37 | Create | Villager (Male) |
| 10:47 | Build | Mining Camp |
| 11:07 | Build | House |
| 11:24 | Build | House |
| 11:53 | Age | Feudal Age |
| 11:58 | Research | Tech 906 |
| 12:04 | Research | Double-Bit Axe |
| 12:10 | Research | Town Watch |
| 12:12 | Create | Villager (Male) |
| 12:19 | Build | Outpost |
| 12:26 | Build | Outpost |
| 12:29 | Create | Villager (Male) |
| 12:42 | Build | Dock |
| 13:08 | Create | Villager (Male) |
| 13:15 | Create | Villager (Male) |
| 13:41 | Create | Villager (Male) |
| 13:51 | Create | Villager (Male) |
| 13:55 | Build | Outpost |
| 13:57 | Create | Villager (Male) |
| 14:08 | Create | Villager (Male) |
| 14:20 | Build | Lumber Camp |
| 14:21 | Create | Villager (Male) |
| 14:28 | Build | Mill |
| 14:33 | Create | Villager (Male) |
| 15:02 | Create | Fishing Ship |
| 15:03 | Create | Fishing Ship |
| 15:07 | Build | House |
| 15:24 | Research | Wheelbarrow |
| 15:33 | Create | Villager (Male) |
| 16:05 | Build | Watch Tower |
| 16:12 | Create | Villager (Male) |
| 16:21 | Build | Market |
| 16:35 | Build | Blacksmith |
| 17:10 | Create | Villager (Male) |
| 17:33 | Create | Galley |
| 17:33 | Create | Galley |
| 17:53 | Create | Villager (Male) |
| 17:58 | Build | House |
| 17:59 | Build | House |
| 18:11 | Research | Fletching |
| 18:19 | Build | House |
| 18:20 | Build | House |
| 19:03 | Create | Galley ×5 |
| 19:16 | Build | Mill |
| 19:17 | Create | Villager (Male) |
| 19:18 | Create | Villager (Male) |
| 19:20 | Build | House |
| 19:42 | Create | Villager (Male) |
| 20:21 | Create | Villager (Male) |
| 20:24 | Build | House |
| 20:26 | Create | Villager (Male) |
| 20:36 | Create | Villager (Male) |
| 20:40 | Build | Mill |
| 20:47 | Build | Farm |
| 20:54 | Create | Villager (Male) |
| 20:57 | Create | Villager (Male) |
| 21:20 | Build | Mill |
| 21:22 | Create | Villager (Male) |
| 21:37 | Research | Castle Age |
| 21:56 | Create | Villager (Male) |
| 21:59 | Create | Villager (Male) |
| 22:23 | Build | Lumber Camp |
| 22:51 | Create | Villager (Male) |
| 23:09 | Create | Galley ×4 |
| 24:11 | Build | Mill |
| 24:27 | Age | Castle Age |
| 24:32 | Research | Bodkin Arrow |
| 24:47 | Create | Villager (Male) |
| 25:12 | Build | Mining Camp |
| 25:29 | Create | Villager (Male) |
| 25:50 | Research | War Galley (upgrade) |
| 25:51 | Research | Gillnets |
| 26:01 | Research | Bow Saw |
| 26:11 | Build | Town Center |
| 27:34 | Create | Villager (Male) |
| 27:36 | Create | Villager (Male) |
| 27:36 | Create | Villager (Male) |
| 27:37 | Create | Villager (Male) |
| 27:44 | Build | Town Center |
| 27:45 | Create | Villager (Male) |
| 27:45 | Create | Villager (Male) |
| 27:59 | Build | Lumber Camp |
| 28:00 | Create | Villager (Male) |
| 28:00 | Create | Villager (Male) |
| 28:07 | Create | Galley ×2 |
| 28:13 | Create | Villager (Male) |
| 28:29 | Create | Villager (Male) |
| 28:44 | Create | Villager (Male) |
| 29:16 | Create | Galley ×4 |
| 29:34 | Create | Villager (Male) |
| 29:52 | Create | Villager (Male) |
| 29:54 | Build | House |
| 29:55 | Build | House |
| 29:55 | Build | House |
| 29:55 | Build | House |
| 29:55 | Build | House |
| 30:07 | Build | Town Center |
| 30:10 | Build | House |
| 30:15 | Build | House |
| 30:16 | Build | House |
| 30:18 | Create | Villager (Male) |
| 31:09 | Create | Villager (Male) |
| 31:12 | Create | Villager (Male) |
| 31:29 | Build | Castle |
| 31:31 | Create | Villager (Male) |
| 31:43 | Research | Hand Cart |
| 31:43 | Create | Villager (Male) |
| 31:44 | Create | Villager (Male) |
| 31:44 | Create | Villager (Male) |
| 31:51 | Build | Farm |
| 31:51 | Build | Farm |
| 31:52 | Build | Farm |
| 31:52 | Build | Farm |
| 31:52 | Build | Farm |
Build order — NPG | FishCL
First 150 of 256 actions detected
| 0:14 | Build | Town Center |
| 1:32 | Build | House |
| 1:36 | Build | Dock |
| 2:30 | Build | Palisade Wall |
| 2:32 | Build | Palisade Wall |
| 2:44 | Create | Villager (Male) |
| 2:44 | Create | Villager (Male) |
| 2:45 | Create | Villager (Male) |
| 2:45 | Create | Villager (Male) |
| 3:41 | Build | House |
| 4:07 | Build | House |
| 4:27 | Create | Villager (Male) |
| 4:48 | Research | Loom |
| 5:03 | Create | Villager (Male) |
| 5:08 | Create | Fishing Ship |
| 5:50 | Create | Villager (Male) |
| 5:51 | Create | Fishing Ship |
| 6:25 | Create | Villager (Male) |
| 6:30 | Create | Fishing Ship |
| 6:56 | Create | Villager (Male) |
| 7:07 | Build | House |
| 7:12 | Create | Villager (Male) |
| 7:15 | Create | Fishing Ship |
| 7:40 | Create | Villager (Male) |
| 8:16 | Build | House |
| 8:18 | Create | Villager (Male) |
| 8:19 | Create | Villager (Male) |
| 8:42 | Build | Lumber Camp |
| 8:58 | Build | Palisade Wall |
| 9:08 | Create | Villager (Male) |
| 9:36 | Create | Villager (Male) |
| 10:03 | Research | Feudal Age |
| 10:37 | Build | Mining Camp |
| 11:03 | Build | Palisade Wall |
| 11:14 | Build | Barracks |
| 11:43 | Build | House |
| 11:54 | Create | Villager (Male) |
| 11:54 | Create | Villager (Male) |
| 12:13 | Age | Feudal Age |
| 12:21 | Build | Archery Range |
| 12:24 | Create | Fire Galley |
| 12:42 | Build | Watch Tower |
| 12:57 | Create | Villager (Male) |
| 13:02 | Build | House |
| 13:05 | Build | Palisade Wall |
| 13:26 | Create | Villager (Male) |
| 13:27 | Create | Archer |
| 13:56 | Create | Villager (Male) |
| 14:04 | Build | Mill |
| 14:10 | Create | Archer |
| 14:19 | Build | Blacksmith |
| 14:21 | Create | Archer |
| 14:36 | Create | Villager (Male) |
| 15:03 | Build | Palisade Wall |
| 15:36 | Build | Mining Camp |
| 15:43 | Create | Villager (Male) |
| 15:59 | Create | Archer |
| 16:03 | Research | Fletching |
| 16:09 | Build | Farm |
| 16:10 | Build | Farm |
| 16:12 | Build | Farm |
| 16:13 | Build | Farm |
| 16:16 | Create | Villager (Male) |
| 16:53 | Build | Farm |
| 16:55 | Build | Farm |
| 16:56 | Create | Villager (Male) |
| 16:59 | Build | Farm |
| 17:01 | Build | Farm |
| 17:20 | Build | Farm |
| 17:21 | Create | Villager (Male) |
| 17:47 | Create | Villager (Male) |
| 17:55 | Build | Mill |
| 17:58 | Create | Villager (Male) |
| 18:17 | Create | Archer |
| 18:18 | Create | Archer |
| 18:41 | Create | Villager (Male) |
| 18:44 | Build | House |
| 18:54 | Build | Mill |
| 19:08 | Build | Stone Wall |
| 19:34 | Build | Stone Wall |
| 19:39 | Create | Villager (Male) |
| 19:59 | Build | Market |
| 20:08 | Build | Stone Wall |
| 20:13 | Build | Stone Wall |
| 20:15 | Create | Villager (Male) |
| 21:05 | Create | Villager (Male) |
| 21:27 | Research | Castle Age |
| 21:27 | Research | Castle Age |
| 21:38 | Build | House |
| 22:34 | Build | House |
| 22:40 | Research | Double-Bit Axe |
| 23:18 | Build | Mining Camp |
| 23:21 | Research | Stone Mining |
| 23:43 | Build | Farm |
| 23:44 | Research | Horse Collar |
| 23:46 | Build | Farm |
| 23:48 | Build | Farm |
| 23:54 | Create | Villager (Male) |
| 24:10 | Age | Castle Age |
| 24:15 | Build | Siege Workshop |
| 24:28 | Create | Villager (Male) |
| 24:43 | Create | Mangonel |
| 25:24 | Build | Palisade Wall |
| 25:25 | Build | Palisade Wall |
| 25:28 | Build | Palisade Wall |
| 25:31 | Build | Palisade Wall |
| 25:32 | Build | Palisade Wall |
| 25:59 | Create | Mangonel |
| 26:03 | Create | Villager (Male) |
| 26:24 | Build | Town Center |
| 27:40 | Create | Villager (Male) |
| 27:40 | Create | Villager (Male) |
| 28:25 | Create | Villager (Male) |
| 28:45 | Build | Outpost |
| 29:08 | Build | Town Center |
| 29:15 | Build | House |
| 29:34 | Research | Town Watch |
| 29:38 | Build | House |
| 29:48 | Build | Outpost |
| 29:54 | Create | Villager (Male) |
| 29:54 | Create | Villager (Male) |
| 29:55 | Create | Villager (Male) |
| 30:06 | Build | House |
| 30:33 | Build | Town Center |
| 30:40 | Create | Villager (Male) |
| 30:40 | Create | Villager (Male) |
| 30:43 | Build | Farm |
| 30:45 | Build | Farm |
| 30:46 | Build | Farm |
| 30:49 | Build | Farm |
| 31:12 | Build | Stone Wall |
| 31:16 | Build | Stone Wall |
| 31:27 | Build | Farm |
| 31:31 | Create | Villager (Male) |
| 31:31 | Create | Villager (Male) |
| 31:31 | Create | Villager (Male) |
| 31:34 | Build | Farm |
| 31:36 | Build | Farm |
| 31:38 | Build | Farm |
| 31:47 | Build | House |
| 32:18 | Build | Town Center |
| 32:24 | Create | Villager (Male) |
| 32:24 | Create | Villager (Male) |
| 32:29 | Create | Villager (Male) |
| 32:29 | Create | Villager (Male) |
| 32:31 | Build | Farm |
| 32:38 | Build | Farm |
| 32:39 | Build | Farm |
| 32:42 | Build | Farm |
| 32:44 | Build | Farm |
Build order — [cM] fcasalen
First 150 of 231 actions detected
| 0:10 | Build | Town Center |
| 1:30 | Build | Dock |
| 1:32 | Build | House |
| 1:34 | Build | Palisade Wall |
| 2:33 | Create | Villager (Male) |
| 2:34 | Create | Villager (Male) |
| 2:34 | Create | Villager (Male) |
| 2:34 | Create | Villager (Male) |
| 3:25 | Build | House |
| 4:11 | Research | Loom |
| 4:22 | Create | Fishing Ship |
| 4:30 | Build | House |
| 4:31 | Create | Villager (Male) |
| 5:20 | Create | Villager (Male) |
| 5:36 | Create | Villager (Male) |
| 5:52 | Create | Villager (Male) |
| 6:22 | Create | Fishing Ship |
| 6:25 | Create | Villager (Male) |
| 6:40 | Build | House |
| 6:50 | Create | Villager (Male) |
| 7:22 | Create | Villager (Male) |
| 7:23 | Create | Villager (Male) |
| 7:42 | Create | Villager (Male) |
| 8:06 | Create | Fishing Ship |
| 8:12 | Build | House |
| 8:17 | Create | Villager (Male) |
| 8:26 | Build | House |
| 8:31 | Build | Mill |
| 8:36 | Create | Villager (Male) |
| 9:10 | Create | Villager (Male) |
| 9:22 | Create | Villager (Male) |
| 9:43 | Create | Fishing Ship |
| 10:00 | Build | House |
| 10:12 | Create | Villager (Male) |
| 11:14 | Create | Villager (Male) |
| 11:33 | Research | Feudal Age |
| 12:10 | Build | Mining Camp |
| 13:00 | Create | Villager (Male) |
| 13:49 | Age | Feudal Age |
| 13:56 | Create | Villager (Male) |
| 14:13 | Build | Watch Tower |
| 14:16 | Create | Villager (Male) |
| 14:21 | Build | Blacksmith |
| 14:31 | Build | Market |
| 14:33 | Build | Palisade Wall |
| 14:43 | Build | House |
| 15:14 | Create | Villager (Male) |
| 15:37 | Research | Castle Age |
| 16:05 | Build | Palisade Wall |
| 16:18 | Build | Lumber Camp |
| 16:40 | Build | Lumber Camp |
| 16:47 | Build | House |
| 17:09 | Build | Palisade Wall |
| 17:13 | Build | Palisade Wall |
| 18:19 | Age | Castle Age |
| 18:25 | Build | Castle |
| 18:30 | Create | Villager (Male) |
| 18:31 | Create | Villager (Male) |
| 19:05 | Create | Villager (Male) |
| 19:45 | Create | Hussite Wagon |
| 19:49 | Research | Double-Bit Axe |
| 19:51 | Create | Villager (Male) |
| 19:52 | Create | Villager (Male) |
| 20:11 | Create | Hussite Wagon |
| 20:19 | Research | Bow Saw |
| 20:28 | Research | Horse Collar |
| 20:29 | Research | Horse Collar |
| 20:44 | Build | Farm |
| 20:44 | Build | Farm |
| 20:45 | Build | Farm |
| 20:45 | Build | Farm |
| 20:45 | Build | Farm |
| 20:45 | Build | Farm |
| 20:51 | Build | Farm |
| 21:20 | Build | Mining Camp |
| 21:27 | Create | Villager (Male) |
| 21:39 | Build | Farm |
| 22:00 | Create | Villager (Male) |
| 22:03 | Build | Farm |
| 22:35 | Build | Farm |
| 22:44 | Build | Siege Workshop |
| 22:50 | Create | Villager (Male) |
| 22:52 | Build | House |
| 23:14 | Create | Villager (Male) |
| 23:14 | Create | Villager (Male) |
| 23:15 | Create | Hussite Wagon |
| 23:17 | Build | House |
| 23:42 | Create | Mangonel |
| 23:50 | Create | Villager (Male) |
| 24:10 | Create | Villager (Male) |
| 24:42 | Create | Hussite Wagon |
| 24:44 | Create | Villager (Male) |
| 24:45 | Build | House |
| 25:03 | Create | Mangonel |
| 25:06 | Create | Villager (Male) |
| 25:10 | Build | House |
| 25:30 | Create | Villager (Male) |
| 25:40 | Build | House |
| 25:42 | Build | Farm |
| 25:51 | Build | House |
| 25:52 | Create | Villager (Male) |
| 25:56 | Build | Town Center |
| 26:07 | Build | Farm |
| 26:15 | Create | Hussite Wagon |
| 26:23 | Build | House |
| 26:37 | Create | Transport Ship |
| 26:40 | Create | Fishing Ship |
| 26:50 | Create | Villager (Male) |
| 26:51 | Research | Town Watch |
| 26:52 | Create | Villager (Male) |
| 26:54 | Create | Villager (Male) |
| 27:30 | Build | Barracks |
| 27:44 | Build | House |
| 27:51 | Create | Villager (Male) |
| 27:59 | Build | Farm |
| 28:04 | Build | House |
| 28:10 | Build | Stable |
| 28:13 | Create | Villager (Male) |
| 28:13 | Create | Villager (Male) |
| 28:16 | Build | Farm |
| 28:23 | Create | Villager (Male) |
| 28:46 | Build | Farm |
| 28:48 | Create | Villager (Male) |
| 28:52 | Build | Farm |
| 28:55 | Build | Farm |
| 28:55 | Build | Farm |
| 28:55 | Build | Farm |
| 28:55 | Build | Farm |
| 28:56 | Build | Farm |
| 28:56 | Build | Farm |
| 29:06 | Create | Knight |
| 29:21 | Create | Villager (Male) |
| 29:24 | Create | Villager (Male) |
| 29:32 | Build | Farm |
| 29:34 | Create | Villager (Male) |
| 29:37 | Build | Farm |
| 29:41 | Build | Lumber Camp |
| 29:52 | Create | Knight |
| 29:55 | Create | Villager (Male) |
| 29:56 | Create | Villager (Male) |
| 29:58 | Build | Farm |
| 30:14 | Create | Villager (Male) |
| 30:16 | Create | Villager (Male) |
| 30:21 | Create | Hussite Wagon |
| 30:23 | Create | Hussite Wagon |
| 30:31 | Build | Farm |
| 30:38 | Create | Villager (Male) |
| 30:38 | Create | Villager (Male) |
| 30:47 | Create | Villager (Male) |
| 31:24 | Build | Farm |
Build order — Shimishi Maki
First 150 of 387 actions detected
| 0:18 | Build | Town Center |
| 0:51 | Build | Dock |
| 0:58 | Build | House |
| 2:35 | Create | Villager (Male) |
| 2:35 | Create | Villager (Male) |
| 2:35 | Create | Villager (Male) |
| 2:35 | Create | Villager (Male) |
| 3:39 | Create | Fishing Ship |
| 3:57 | Create | Villager (Male) |
| 4:22 | Build | House |
| 4:38 | Create | Villager (Male) |
| 5:03 | Create | Fishing Ship |
| 5:11 | Create | Villager (Male) |
| 5:35 | Create | Villager (Male) |
| 5:44 | Build | House |
| 6:03 | Create | Villager (Male) |
| 6:26 | Create | Transport Ship |
| 6:34 | Research | Loom |
| 6:35 | Create | Fishing Ship |
| 6:35 | Create | Fishing Ship |
| 6:42 | Create | Villager (Male) |
| 6:54 | Create | Villager (Male) |
| 6:57 | Create | Fishing Ship |
| 7:17 | Create | Villager (Male) |
| 7:17 | Create | Villager (Male) |
| 7:21 | Create | Fishing Ship |
| 7:31 | Build | House |
| 7:41 | Create | Villager (Male) |
| 8:02 | Create | Villager (Male) |
| 8:21 | Create | Villager (Male) |
| 8:23 | Build | Palisade Wall |
| 8:28 | Create | Fishing Ship |
| 8:31 | Build | Palisade Wall |
| 8:34 | Build | Palisade Wall |
| 8:44 | Create | Fishing Ship |
| 8:46 | Create | Villager (Male) |
| 8:46 | Create | Villager (Male) |
| 9:05 | Create | Villager (Male) |
| 9:10 | Build | House |
| 9:48 | Create | Villager (Male) |
| 10:05 | Build | Lumber Camp |
| 10:13 | Create | Villager (Male) |
| 10:14 | Build | House |
| 10:26 | Create | Fishing Ship |
| 10:42 | Build | Palisade Wall |
| 10:44 | Build | Palisade Wall |
| 10:48 | Build | Palisade Wall |
| 10:53 | Create | Villager (Male) |
| 11:09 | Build | Mining Camp |
| 11:22 | Create | Villager (Male) |
| 11:48 | Build | Mill |
| 11:57 | Research | Feudal Age |
| 12:11 | Build | Mining Camp |
| 12:43 | Build | House |
| 12:43 | Build | House |
| 13:31 | Build | Palisade Wall |
| 13:32 | Build | Palisade Wall |
| 13:34 | Build | Palisade Wall |
| 13:36 | Build | Palisade Wall |
| 13:37 | Build | Palisade Wall |
| 13:40 | Build | Palisade Wall |
| 14:31 | Create | Villager (Male) |
| 14:33 | Create | Villager (Male) |
| 14:38 | Age | Feudal Age |
| 14:41 | Build | Market |
| 14:43 | Build | Blacksmith |
| 14:47 | Build | Stone Wall |
| 15:00 | Research | Double-Bit Axe |
| 15:03 | Research | Horse Collar |
| 15:32 | Research | Castle Age |
| 15:32 | Research | Castle Age |
| 16:28 | Research | Tech 906 |
| 16:29 | Create | Villager (Male) |
| 16:35 | Research | Gold Mining |
| 17:17 | Create | Villager (Male) |
| 17:47 | Create | Villager (Male) |
| 18:05 | Research | Fletching |
| 18:12 | Age | Castle Age |
| 18:13 | Build | Castle |
| 18:23 | Build | Stone Wall |
| 18:27 | Build | Gate |
| 18:32 | Build | Stone Wall |
| 18:33 | Build | Stone Wall |
| 18:56 | Research | Bow Saw |
| 19:07 | Build | Town Center |
| 19:12 | Build | Farm |
| 19:15 | Create | Villager (Male) |
| 19:29 | Build | Farm |
| 19:33 | Create | Villager (Male) |
| 19:42 | Research | Wheelbarrow |
| 19:43 | Create | Camel Archer |
| 19:48 | Research | Bodkin Arrow |
| 19:52 | Build | Farm |
| 19:54 | Build | Farm |
| 19:59 | Create | Camel Archer |
| 19:59 | Create | Camel Archer |
| 20:00 | Create | Camel Archer |
| 20:00 | Create | Camel Archer |
| 20:00 | Create | Camel Archer |
| 20:13 | Create | Camel Archer |
| 20:40 | Create | Camel Archer |
| 21:07 | Create | Camel Archer |
| 21:10 | Build | Town Center |
| 21:15 | Build | Farm |
| 21:16 | Create | Villager (Male) |
| 21:30 | Create | Camel Archer |
| 21:35 | Create | Camel Archer |
| 21:37 | Create | Villager (Male) |
| 21:39 | Create | Villager (Male) |
| 21:43 | Research | Town Watch |
| 21:50 | Create | Villager (Male) |
| 21:53 | Create | Villager (Male) |
| 21:54 | Build | House |
| 21:55 | Build | House |
| 22:00 | Create | Villager (Male) |
| 22:09 | Build | Farm |
| 22:16 | Create | Camel Archer |
| 22:18 | Build | Farm |
| 22:33 | Create | Camel Archer |
| 22:49 | Build | Barracks |
| 22:52 | Create | Camel Archer |
| 23:05 | Create | Villager (Male) |
| 23:06 | Build | Farm |
| 23:10 | Create | Villager (Male) |
| 23:16 | Create | Camel Archer |
| 23:25 | Create | Villager (Male) |
| 23:26 | Create | Villager (Male) |
| 23:38 | Create | Camel Archer |
| 23:56 | Create | Villager (Male) |
| 23:58 | Create | Villager (Male) |
| 24:06 | Create | Camel Archer |
| 24:06 | Create | Camel Archer |
| 24:10 | Create | Villager (Male) |
| 24:11 | Create | Villager (Male) |
| 24:12 | Create | Villager (Male) |
| 24:15 | Build | University |
| 24:18 | Create | Villager (Male) |
| 24:20 | Create | Villager (Male) |
| 24:21 | Build | Farm |
| 24:26 | Create | Camel Archer |
| 24:26 | Create | Camel Archer |
| 24:30 | Create | Villager (Male) |
| 24:31 | Create | Villager (Male) |
| 24:35 | Build | Lumber Camp |
| 24:42 | Create | Camel Archer |
| 24:42 | Create | Camel Archer |
| 25:00 | Research | Padded Archer Armor |
| 25:00 | Research | Padded Archer Armor |
| 25:02 | Create | Villager (Male) |
| 25:04 | Build | Stable |
Build order — sacaninha
First 150 of 329 actions detected
| 0:05 | Build | Town Center |
| 1:36 | Build | Dock |
| 1:37 | Build | House |
| 1:38 | Build | Palisade Wall |
| 2:22 | Create | Villager (Male) |
| 2:22 | Create | Villager (Male) |
| 2:22 | Create | Villager (Male) |
| 2:23 | Create | Villager (Male) |
| 2:23 | Create | Villager (Male) |
| 3:27 | Create | Fishing Ship |
| 3:47 | Build | Palisade Wall |
| 4:05 | Build | House |
| 4:10 | Research | Loom |
| 4:13 | Create | Villager (Male) |
| 4:35 | Create | Villager (Male) |
| 5:14 | Create | Villager (Male) |
| 5:29 | Create | Villager (Male) |
| 5:34 | Build | House |
| 5:41 | Create | Fishing Ship |
| 6:01 | Create | Villager (Male) |
| 6:11 | Build | House |
| 6:34 | Create | Villager (Male) |
| 6:44 | Create | Fishing Ship |
| 7:01 | Create | Villager (Male) |
| 7:21 | Create | Villager (Male) |
| 7:23 | Create | Fishing Ship |
| 7:32 | Build | House |
| 7:54 | Create | Villager (Male) |
| 8:08 | Create | Fishing Ship |
| 8:13 | Create | Villager (Male) |
| 8:37 | Build | House |
| 8:41 | Create | Villager (Male) |
| 8:46 | Build | House |
| 8:50 | Create | Fishing Ship |
| 8:52 | Create | Villager (Male) |
| 9:08 | Build | House |
| 9:16 | Build | House |
| 9:30 | Build | Dock |
| 9:32 | Create | Villager (Male) |
| 9:34 | Build | House |
| 9:49 | Build | House |
| 9:54 | Create | Villager (Male) |
| 9:54 | Create | Villager (Male) |
| 10:00 | Build | Mining Camp |
| 10:03 | Build | House |
| 10:08 | Create | Fishing Ship |
| 10:13 | Build | House |
| 10:25 | Create | Villager (Male) |
| 10:27 | Build | House |
| 10:40 | Build | House |
| 11:03 | Create | Fishing Ship ×2 |
| 11:03 | Create | Fishing Ship ×2 |
| 11:15 | Create | Villager (Male) |
| 11:40 | Create | Villager (Male) |
| 11:44 | Build | Mill |
| 12:01 | Build | House |
| 12:06 | Research | Feudal Age |
| 12:06 | Research | Feudal Age |
| 12:14 | Create | Fishing Ship |
| 12:36 | Create | Fishing Ship ×2 |
| 13:32 | Build | Lumber Camp |
| 13:45 | Create | Fishing Ship |
| 13:45 | Create | Fishing Ship |
| 14:16 | Age | Feudal Age |
| 14:24 | Create | Villager (Male) |
| 14:27 | Build | Market |
| 14:39 | Build | House |
| 14:56 | Create | Villager (Male) |
| 15:10 | Build | Blacksmith |
| 15:16 | Create | Villager (Male) |
| 15:42 | Research | Castle Age |
| 15:43 | Research | Castle Age |
| 15:52 | Build | Mining Camp |
| 16:00 | Research | Double-Bit Axe |
| 16:02 | Research | Scale Barding Armor |
| 17:00 | Research | Tech 906 |
| 17:00 | Research | Tech 906 |
| 17:32 | Build | Dock |
| 17:46 | Build | House |
| 17:46 | Build | House |
| 18:26 | Age | Castle Age |
| 18:27 | Create | Villager (Male) |
| 18:29 | Research | Bow Saw |
| 18:29 | Research | Bow Saw |
| 18:30 | Research | Chain Barding Armor |
| 18:50 | Build | Castle |
| 19:04 | Research | Wheelbarrow |
| 19:08 | Create | Fishing Ship ×5 |
| 19:20 | Build | Mining Camp |
| 19:21 | Create | Villager (Male) |
| 19:37 | Build | Fish Trap |
| 19:54 | Build | Fish Trap |
| 19:55 | Create | Magyar Huszar |
| 19:56 | Create | Magyar Huszar |
| 20:15 | Build | Fish Trap |
| 20:36 | Research | Corvinian Army |
| 20:36 | Research | Corvinian Army |
| 20:40 | Create | Villager (Male) |
| 20:52 | Build | Fish Trap |
| 21:19 | Build | Dock |
| 21:20 | Create | Villager (Male) |
| 21:22 | Create | Magyar Huszar |
| 21:23 | Create | Magyar Huszar |
| 21:25 | Build | Barracks |
| 21:35 | Create | Magyar Huszar |
| 21:37 | Create | Villager (Male) |
| 21:49 | Build | Fish Trap |
| 21:53 | Create | Villager (Male) |
| 21:58 | Create | Magyar Huszar |
| 22:10 | Create | Magyar Huszar |
| 22:23 | Build | Stable |
| 22:32 | Create | Villager (Male) |
| 22:36 | Research | Gillnets |
| 22:37 | Create | Villager (Male) |
| 22:40 | Create | Magyar Huszar |
| 22:51 | Create | Villager (Male) |
| 23:00 | Build | Stone Wall |
| 23:04 | Build | Stone Wall |
| 23:07 | Create | Villager (Male) |
| 23:20 | Create | Fishing Ship ×5 |
| 23:28 | Research | Husbandry |
| 23:30 | Create | Magyar Huszar |
| 23:32 | Create | Villager (Male) |
| 23:42 | Create | Villager (Male) |
| 23:59 | Create | Villager (Male) |
| 24:03 | Create | Magyar Huszar |
| 24:04 | Create | Villager (Male) |
| 24:07 | Build | House |
| 24:17 | Build | Town Center |
| 24:26 | Create | Fishing Ship |
| 24:35 | Create | Magyar Huszar |
| 24:36 | Create | Magyar Huszar |
| 24:37 | Create | Villager (Male) |
| 24:56 | Create | Villager (Male) |
| 25:03 | Build | Stone Wall |
| 25:18 | Create | Magyar Huszar |
| 25:18 | Create | Magyar Huszar |
| 25:19 | Create | Villager (Male) |
| 25:28 | Build | Town Center |
| 25:47 | Create | Villager (Male) |
| 25:55 | Create | Villager (Male) |
| 26:22 | Create | Villager (Male) |
| 26:22 | Create | Villager (Male) |
| 26:22 | Create | Villager (Male) |
| 26:26 | Create | Magyar Huszar |
| 26:26 | Create | Magyar Huszar |
| 26:28 | Create | Magyar Huszar |
| 26:30 | Create | Villager (Male) |
| 26:40 | Build | Dock |
| 26:45 | Create | Fishing Ship ×3 |
Match timeline
| 0:44 | Flash_br · first_building Dock |
| 0:51 | Shimishi Maki · first_building Dock |
| 1:16 | NPG | El Compadre · first_building Dock |
| 1:23 | NPG | El Compadre · wall_segment Palisade Wall x1 |
| 1:24 | NPG | El Compadre · wall_segment Palisade Wall x1 |
| 1:30 | [cM] fcasalen · first_building Dock |
| 1:34 | [cM] fcasalen · wall_segment Palisade Wall x1 |
| 1:36 | sacaninha · first_building Dock |
| 1:36 | NPG | FishCL · first_building Dock |
| 1:38 | sacaninha · wall_segment Palisade Wall x1 |
| 1:49 | Flash_br · wall_segment Palisade Wall x1 |
| 1:51 | Flash_br · wall_segment Palisade Wall x1 |
| 1:52 | Flash_br · wall_segment Palisade Wall x1 |
| 2:30 | NPG | FishCL · wall_segment Palisade Wall x1 |
| 2:32 | NPG | FishCL · wall_segment Palisade Wall x1 |
| 3:47 | sacaninha · wall_segment Palisade Wall x1 |
| 8:23 | Shimishi Maki · wall_segment Palisade Wall x1 |
| 8:31 | Shimishi Maki · wall_segment Palisade Wall x1 |
| 8:34 | Shimishi Maki · wall_segment Palisade Wall x1 |
| 8:58 | NPG | FishCL · wall_segment Palisade Wall x6 |
| 10:42 | Shimishi Maki · wall_segment Palisade Wall x1 |
| 10:44 | Shimishi Maki · wall_segment Palisade Wall x1 |
| 10:48 | Shimishi Maki · wall_segment Palisade Wall x1 |
| 11:03 | NPG | FishCL · wall_segment Palisade Wall x7 |
| 11:14 | NPG | FishCL · first_building Barracks |
| 11:53 | NPG | El Compadre · age_up feudal |
| 12:12 | Flash_br · age_up feudal |
| 12:13 | NPG | FishCL · age_up feudal |
| 12:21 | NPG | FishCL · first_building Archery Range |
| 13:05 | NPG | FishCL · wall_segment Palisade Wall x5 |
| 13:31 | Shimishi Maki · wall_segment Palisade Wall x1 |
| 13:32 | Shimishi Maki · wall_segment Palisade Wall x1 |
| 13:34 | Shimishi Maki · wall_segment Palisade Wall x1 |
| 13:36 | Shimishi Maki · wall_segment Palisade Wall x1 |
| 13:37 | Shimishi Maki · wall_segment Palisade Wall x1 |
| 13:40 | Shimishi Maki · wall_segment Palisade Wall x1 |
| 13:49 | [cM] fcasalen · age_up feudal |
| 14:16 | sacaninha · age_up feudal |
| 14:33 | [cM] fcasalen · wall_segment Palisade Wall x1 |
| 14:38 | Shimishi Maki · age_up feudal |
| 14:47 | Shimishi Maki · wall_segment Stone Wall x1 |
| 15:03 | NPG | FishCL · wall_segment Palisade Wall x12 |
| 15:34 | [cM] fcasalen · first_market_sell 100 food |
| 16:05 | [cM] fcasalen · wall_segment Palisade Wall x9 |
| 17:09 | [cM] fcasalen · wall_segment Palisade Wall x3 |
| 17:13 | [cM] fcasalen · wall_segment Palisade Wall x3 |
| 18:12 | Shimishi Maki · age_up castle |
| 18:13 | Shimishi Maki · first_building Castle |
| 18:19 | [cM] fcasalen · age_up castle |
| 18:23 | Shimishi Maki · wall_segment Stone Wall x6 |
| 18:25 | [cM] fcasalen · first_building Castle |
| 18:26 | sacaninha · age_up castle |
| 18:32 | Shimishi Maki · wall_segment Stone Wall x8 |
| 18:33 | Shimishi Maki · wall_segment Stone Wall x1 |
| 18:36 | sacaninha · first_market_sell 100 food |
| 18:37 | sacaninha · first_market_buy 100 stone |
| 18:50 | sacaninha · first_building Castle |
| 19:08 | NPG | FishCL · wall_segment Stone Wall x4 |
| 19:34 | NPG | FishCL · wall_segment Stone Wall x7 |
| 20:08 | NPG | FishCL · wall_segment Stone Wall x1 |
| 20:13 | NPG | FishCL · wall_segment Stone Wall x4 |
| 21:18 | NPG | FishCL · first_market_buy 100 food |
| 21:25 | sacaninha · first_building Barracks |
| 22:23 | sacaninha · first_building Stable |
| 22:25 | Shimishi Maki · first_market_buy 100 wood |
| 22:44 | [cM] fcasalen · first_building Siege Workshop |
| 22:49 | Shimishi Maki · first_building Barracks |
| 23:00 | sacaninha · wall_segment Stone Wall x9 |
| 23:04 | sacaninha · wall_segment Stone Wall x10 |
| 23:27 | NPG | El Compadre · first_market_buy 100 wood |
| 24:10 | NPG | FishCL · age_up castle |
| 24:15 | NPG | FishCL · first_building Siege Workshop |
| 24:27 | NPG | El Compadre · age_up castle |
| 24:31 | NPG | El Compadre · first_market_sell 100 food |
| 24:39 | Flash_br · age_up castle |
| 25:03 | sacaninha · wall_segment Stone Wall x2 |
| 25:04 | Shimishi Maki · first_building Stable |
| 25:24 | NPG | FishCL · wall_segment Palisade Wall x1 |
| 25:25 | NPG | FishCL · wall_segment Palisade Wall x1 |
| 25:28 | NPG | FishCL · wall_segment Palisade Wall x1 |
| 25:31 | NPG | FishCL · wall_segment Palisade Wall x1 |
| 25:32 | NPG | FishCL · wall_segment Palisade Wall x1 |
| 25:34 | Shimishi Maki · first_market_sell 100 wood |
| 27:30 | [cM] fcasalen · first_building Barracks |
| 28:10 | [cM] fcasalen · first_building Stable |
| 28:11 | Flash_br · first_market_buy 100 food |
| 28:20 | Flash_br · first_building Castle |
| 28:50 | Flash_br · first_market_sell 100 stone |
| 29:19 | [cM] fcasalen · first_market_buy 100 food |
| 30:13 | Shimishi Maki · wall_segment Stone Wall x10 |
| 31:08 | Flash_br · first_building Monastery |
| 31:12 | NPG | FishCL · wall_segment Stone Wall x1 |
| 31:16 | NPG | FishCL · wall_segment Stone Wall x5 |
| 31:29 | NPG | El Compadre · first_building Castle |
| 31:50 | Shimishi Maki · first_building Monastery |
| 32:07 | NPG | FishCL · first_market_sell 100 wood |
| 32:45 | Shimishi Maki · first_building Archery Range |
| 32:45 | sacaninha · age_up imperial |
| 35:16 | Shimishi Maki · age_up imperial |
| 35:32 | Flash_br · first_building Siege Workshop |
| 36:09 | NPG | FishCL · wall_segment Stone Wall x1 |
| 36:14 | NPG | FishCL · wall_segment Stone Wall x2 |
| 38:24 | Flash_br · tribute_sent a jugador 1 |
| 38:24 | Flash_br · tribute_sent a jugador 3 |
| 38:24 | Flash_br · tribute_sent a jugador 4 |
| 38:24 | Flash_br · tribute_sent a jugador 5 |
| 38:24 | Flash_br · tribute_sent a jugador 6 |
| 38:35 | Flash_br · age_up imperial |
| 38:40 | NPG | FishCL · resign |
[ AI ANALYSIS · 1 CREDIT ]
What really happened in this match?
Wolo.gg analyzes every decision: build order, eco, micro, common mistakes by bracket. Personalized analysis on WhatsApp or Discord in 30 seconds.
Civ guide
Wu
Perfil
Jugador #4510920